 Dungeon Crawl Stone Soup version 0.14-a0-1761-gdbd231b (webtiles) character file.

8676 ReteAZ the Bludgeoner (level 11, -1/105 HPs)
             Began as an Ogre Hunter on Jan 4, 2014.
             Was a High Priest of Okawaru.
             Slain by an unseen horror (8 damage)
             ... on Level 11 of the Dungeon.
             The game lasted 01:12:46 (13383 turns).

ReteAZ the Bludgeoner (Ogre Hunter)                Turns: 13383, Time: 01:12:47

HP  -1/105       AC  3     Str 21      XL: 11   Next: 30%
MP  12/13        EV 16     Int 10      God: Okawaru [*****.]
Gold 286         SH  0     Dex 12      Spells:  0 memorised, 10 levels left

rFire  + . .     SeeInvis .     y - +0 giant spiked club
rCold  . . .     Clarity  .     d - +0 animal skin
rNeg   . . .     Conserve .     (shield restricted)
rPois  .         rCorr    .     (helmet restricted)
rElec  .         rRot     .     (no cloak)
SustAb . .       Spirit   .     (gloves unavailable)
rMut   .         Warding  .     (boots unavailable)
Saprov + . .     Stasis   .     o - amulet of faith
                                l - +1 ring of dexterity
                                w - ring of protection from fire

@: heroism, somewhat resistant to hostile enchantments, fairly stealthy
A: unfitting armour, fast metabolism 1, saprovore 1, tough skin 1
a: Heroism, Finesse, Renounce Religion


You were on level 11 of the Dungeon.
You worshipped Okawaru.
Okawaru was extremely pleased with you.
You were hungry.

You visited 1 branch of the dungeon, and saw 11 of its levels.
You also visited: Ice Cave.

You collected 423 gold pieces.
You spent 137 gold pieces at shops.

Inventory:

Hand weapons
 y - a +0,+0 giant spiked club (weapon)
 L - a +2,+0 mace of protection
Missiles
 c - 3 throwing nets (quivered)
Armour
 d - a +0 animal skin (worn)
Comestibles
 b - a royal jelly
 f - 5 meat rations
 h - 6 chokos
 i - a rotting chunk of worm flesh
 j - 8 bread rations
 m - 3 sausages
 n - a cheese
Scrolls
 a - 2 scrolls of fear
 s - 2 scrolls of remove curse
 u - a scroll of identify
 C - 5 scrolls of teleportation
Jewellery
 l - a +1 ring of dexterity (right hand)
 o - an amulet of faith (around neck)
 r - an uncursed amulet of resist mutation {unknown}
 t - the amulet "Neir" {+Rage +Inv +Fly rElec rN+}
   (You found it on level 4 of the Dungeon)

   [amulet of rage]

   It insulates you from electricity.
   It protects you from negative energy.
   It lets you turn invisible.
   It lets you fly.
 w - a ring of protection from fire (left hand)
 I - an uncursed ring of regeneration
Potions
 g - a potion of berserk rage {unknown}
 k - a potion of invisibility
 p - a potion of resistance {unknown}
 q - a potion of restore abilities
 v - a potion of curing
 z - a potion of might {unknown}


   Skills:
 + Level 6.2(11.2) Fighting
 - Level 17.0(22.0) Maces & Flails
 - Level 4.3(9.3) Throwing
 + Level 8.4(13.4) Dodging
 - Level 0.7(5.7) Stealth
 * Level 1.0 Invocations


You had 10 spell levels left.
You didn't know any spells.

Dungeon Overview and Level Annotations

Branches:
Dungeon (11/16)            Temple (0/1) D:4             Orc (0/4) D:10
   Lair: D:8-11

Altars:
Makhleb
Okawaru
Trog
Xom

Shops:
D:5 ?

Portals:
Trove: D:10 (give 6 potions of speed)

Annotations:
D:10 TREASURE TROVE 6 POT of SPEED


Innate Abilities, Weirdness & Mutations

You are too large for most types of armour.
You have a fast metabolism.
You can tolerate rotten meat.
You have tough skin (AC +1).


Message History

The large rock crashes through something.
It hits you!
* * * LOW HITPOINT WARNING * * *
It hits you.
* * * LOW HITPOINT WARNING * * *
Drink which item? (? for menu, Esc to quit)
You feel better. It hits you!
* * * LOW HITPOINT WARNING * * *
Drink which item? (? for menu, Esc to quit)
You feel better. It hits you but does no damage. It hits you!
* * * LOW HITPOINT WARNING * * *
Throwing (i - inventory. (,) - cycle):
e - a large rock (quivered)
Press: ? - help, Shift-Dir - straight line You throw a large rock.
It hits you.
* * * LOW HITPOINT WARNING * * *
It hits you.
* * * LOW HITPOINT WARNING * * *
You miss it. It barely misses you. It hits you!
You die...

##########################
.........((.....@.........
...............#####......
...............# ###
......>........# .
...............# ..#
...............# ..####
.............<.# .......
..##'#########.#
##........
..#..........#.#
#.........


There were no monsters in sight!

Vanquished Creatures
  2 hill giants (D:10)
  A spriggan (D:7)
  2 wyverns
  4 sharks (D:9)
  Eustachio (D:9)
  5 yaks (D:9)
  Grum (D:8)
  A hungry ghost (D:9)
  3 wolves (D:8)
  A hippogriff (D:11)
  Edmund (D:9)
  A manticore (D:10)
  A swamp drake (D:10)
  A necrophage (D:8)
  2 orc warriors (D:10)
  A black bear (D:9)
  8 ice beasts
  4 sky beasts
  2 centaurs
  6 ogres
  4 giant frogs
  Blork the orc (D:5)
  A gnoll sergeant (D:10)
  5 killer bees (D:11)
  6 crimson imps
  A centaur zombie (D:5)
  9 wights
  3 hounds
  3 jellies
  3 iguanas
  8 orc wizards
  4 orc priests
  2 scorpions
  7 worker ants
  A big kobold zombie (D:9)
  A mummy (D:6)
  12 adders
  4 gnolls (D:10)
  A green rat (D:9)
  2 worms
  A giant mite (D:6)
  An iguana skeleton (D:6)
  33 orcs
  3 bat zombies
  8 giant cockroaches
  A grey rat (D:9)
  15 hobgoblins
  10 kobolds
  23 bats
  11 giant geckos
  5 giant newts
  12 goblins
  A goblin skeleton (D:4)
  3 jackals (D:1)
  A kobold skeleton (D:6)
  An orc zombie (D:7)
  2 quokkas
  13 rats
270 creatures vanquished.

Notes
Turn   | Place    | Note
--------------------------------------------------------------
     0 | D:1      | ReteAZ, the Ogre Hunter, began the quest for the Orb.
     0 | D:1      | Reached XP level 1. HP: 22/22 MP: 1/1
   372 | D:1      | Reached XP level 2. HP: 21/29 MP: 2/2
   839 | D:1      | Reached XP level 3. HP: 31/36 MP: 3/3
  1156 | D:2      | Found an iron altar of Okawaru.
  1212 | D:2      | HP: 1/36 [poisoned by an adder]
  1231 | D:2      | Became a worshipper of Warmaster Okawaru
  1792 | D:2      | Reached skill level 5 in Maces & Flails
  1792 | D:2      | Reached XP level 4. HP: 11/44 MP: 4/4
  3200 | D:3      | Reached skill level 6 in Maces & Flails
  3220 | D:3      | Reached XP level 5. HP: 46/52 MP: 5/5
  3329 | D:4      | Found a staircase to the Ecumenical Temple.
  3434 | D:4      | Found a burning altar of Makhleb.
  3469 | D:4      | Got a slimy diamond amulet
  3493 | D:4      | Identified the amulet "Neir" {+Rage +Inv +Fly rElec rN+} (You found it on level 4 of the Dungeon)
  4356 | D:4      | Found a bloodstained altar of Trog.
  4439 | D:4      | Noticed an ogre
  4444 | D:4      | Killed an ogre
  4444 | D:4      | Reached skill level 7 in Maces & Flails
  4444 | D:4      | Reached XP level 6. HP: 62/62 MP: 6/6
  4490 | D:5      | Entered Level 5 of the Dungeon
  4495 | D:5      | Found Brouxtiz's Magic Scroll Emporium.
  4537 | D:5      | Bought a scroll of identify for 22 gold pieces
  4537 | D:5      | Bought a scroll of identify for 22 gold pieces
  4537 | D:5      | Bought a scroll of blinking for 60 gold pieces
  4537 | D:5      | Bought a scroll of teleportation for 33 gold pieces
  4732 | D:5      | Noticed Blork the orc
  4741 | D:5      | Killed Blork the orc
  4741 | D:5      | Acquired Okawaru's first power
  4741 | D:5      | Reached skill level 8 in Maces & Flails
  4741 | D:5      | Reached XP level 7. HP: 62/71 MP: 7/7
  4790 | D:5      | Reached skill level 5 in Fighting
  5048 | D:5      | Found a shimmering altar of Xom.
  5213 | D:6      | Reached skill level 9 in Maces & Flails
  5952 | D:6      | Reached skill level 10 in Maces & Flails
  5952 | D:6      | Reached XP level 8. HP: 61/80 MP: 8/8
  6599 | D:7      | Noticed a spriggan baker
  6605 | D:7      | Killed a spriggan baker
  6605 | D:7      | Reached skill level 11 in Maces & Flails
  6790 | D:8      | Reached skill level 12 in Maces & Flails
  6801 | D:8      | Reached XP level 9. HP: 23/88 MP: 6/9
  7324 | D:8      | Reached skill level 5 in Dodging
  7328 | D:8      | Noticed Grum
  7768 | D:8      | Reached skill level 13 in Maces & Flails
  7993 | D:8      | Killed Grum
  8183 | D:9      | Noticed Eustachio
  8190 | D:9      | Killed Eustachio
  8332 | D:9      | Noticed Edmund
  8342 | D:9      | Killed Edmund
  8342 | D:9      | Reached skill level 14 in Maces & Flails
  8439 | D:9      | Reached XP level 10. HP: 55/96 MP: 10/10
  8970 | D:9      | Reached skill level 15 in Maces & Flails
  8973 | D:9      | Acquired Okawaru's second power
 10850 | D:10     | Entered Level 10 of the Dungeon
 11059 | D:10     | Reached skill level 16 in Maces & Flails
 11231 | D:10     | Found a portal to a secret trove of treasure.
 11310 | D:10     | Noticed a hill giant
 11317 | D:10     | Killed a hill giant
 11317 | D:10     | Received a gift from Okawaru
 11906 | D:10     | Reached XP level 11. HP: 92/102 MP: 11/11
 11916 | D:10     | Found a staircase to the Orcish Mines.
 12137 | D:10     | Noticed a hill giant
 12141 | D:10     | Killed a hill giant
 12198 | D:10     | Reached skill level 17 in Maces & Flails
 12433 | D:11     | Found a frozen archway.
 12446 | IceCv    | Entered an ice cave
 12732 | IceCv    | Noticed an ice statue
 12732 | IceCv    | Noticed an ice statue
 13048 | D:11     | Received a gift from Okawaru
 13061 | D:11     | Reached skill level 1 in Invocations
 13383 | D:11     | Slain by an unseen horror

Action                   |  1- 3 |  4- 6 |  7- 9 | 10-12 || total
-------------------------+-------+-------+-------+-------++-------
Melee: Club              |   136 |     1 |       |       ||   137
       Whip              |       |    88 |       |       ||    88
       Mace              |       |   103 |   155 |    13 ||   271
       Giant club        |       |    26 |    20 |       ||    46
       Flail             |       |       |     1 |       ||     1
       Giant spiked club |       |       |   106 |   205 ||   311
       Unarmed           |       |       |       |     1 ||     1
Throw: Large rock        |     7 |    10 |    58 |    56 ||   131
Invok: Heroism           |       |       |     3 |     9 ||    12
Evoke: Wand              |       |       |     3 |       ||     3
  Use: Potion            |     1 |     1 |       |     4 ||     6
       Scroll            |       |     6 |    12 |    12 ||    30
 Stab: Sleeping          |       |     2 |     1 |     1 ||     4
       Distracted        |       |     1 |       |       ||     1
